 Dungeon Crawl Stone Soup version 0.31.0-12-g77e489cdc1 (webtiles) character file.

Game seed: 13826716508540687102

476 Ekaitz the Firebug (level 6, -2/44 HPs)
             Began as a Demonspawn Fire Elementalist on Feb 22, 2024.
             Slain by Edmund
             ... wielding a +1 dire flail of distortion
              (24 damage)
             ... on level 4 of the Dungeon.
             The game lasted 00:10:20 (4328 turns).

Ekaitz the Firebug (Demonspawn Fire Elementalist)   Turns: 4328, Time: 00:10:22

Health: -2/44      AC: 11    Str:  8    XL:     6   Next: 85%
Magic:  2/11       EV: 17    Int: 17    God:
Gold:   150        SH:  0    Dex: 26    Spells: 2/11 levels left

rFire   . . .        k - +0 long sword
rCold   . . .        (no shield)
rNeg    . . .        A - +1 leather armour {Will+}
rPois   .            (no helmet)
rElec   .            w - +0 cloak
rCorr   .            (no gloves)
SInv    .            (no boots)
Will    +....        (no amulet)
Stlth   ++           d - +6 ring of dexterity
HPRegen 0.27/turn    p - +6 ring of dexterity
MPRegen 0.12/turn

%: no passive effects
@: agile, sanguine armoured
A: hooves 1, powered by pain 2, sanguine armour 1
a: no special abilities


You were on level 4 of the Dungeon.
You visited 2 branches of the dungeon, and saw 5 of its levels.

You collected 150 gold pieces.

Inventory:

Hand Weapons
 k - a +0 long sword (weapon)
 n - the +0 dagger of Ferocious Forgiveness {heavy, *Corrode rElec rF++ Int+4}
   (You found it on level 2 of the Dungeon)

   Int+4:     It affects your intelligence (+4).
   rF++:      It greatly protects you from fire.
   rElec:     It insulates you from electricity.
   *Corrode:  It may corrode you when you take damage.
Armour
 u - the +0 chain mail of Fouso {rPois}
   (You found it on level 3 of the Dungeon)

   rPois:     It protects you from poison
 v - the +2 robe of Indestructible Leaves {^Drain rElec Str-4 Stlth+}
   (You found it on level 4 of the Dungeon)

   Str-4:     It affects your strength (-4).
   rElec:     It insulates you from electricity.
   ^Drain:    It drains your maximum health when unequipped.
   Stlth+:    It makes you more stealthy.
 w - a +0 cloak (worn)
 x - the +5 robe of Misfortune {Harm *Corrode *Slow EV+5}
   (You found it on level 4 of the Dungeon)

   EV+5:      It affects your evasion (+5).
   *Corrode:  It may corrode you when you take damage.
   *Slow:     It may slow you when you take damage.
   Harm:      It increases damage dealt and taken.
 A - a +1 leather armour of willpower (worn)
Jewellery
 d - a +6 ring of dexterity (left hand)
 g - a +6 ring of intelligence
 j - a ring of protection from cold
 p - a +6 ring of dexterity (right hand)
 y - an amulet of guardian spirit
Talismans
 h - a beast talisman
Wands
 m - a wand of flame (17)
Scrolls
 c - a scroll of enchant weapon {unknown}
 e - 2 scrolls of teleportation {unknown}
 f - 3 scrolls of identify {unknown}
 i - 2 scrolls of vulnerability {unknown}
 q - a scroll of poison {unknown}
 r - a scroll of acquirement {unknown}
 s - a scroll of torment {unknown}
Potions
 b - a potion of magic
 l - 3 potions of curing {unknown}
 o - a potion of heal wounds {unknown}
 t - a potion of attraction {unknown}
 z - a potion of brilliance {unknown}


   Skills:
 * Level 2.1 Fighting
 + Level 0.5 Long Blades
 + Level 2.0 Dodging
 + Level 2.1 Stealth
 + Level 0.2 Unarmed Combat
 + Level 3.3 Spellcasting
 * Level 2.8 Conjurations
 * Level 1.6 Hexes
 * Level 4.8 Fire Magic


You had 2 spell levels left.
You knew the following spells:

 Your Spells              Type           Power      Damage    Failure   Level
a - Foxfire               Conj/Fire      60%        2x1d7     4%          1
b - Scorch                Fire           38%        2d6       4%          2
c - Volatile Blastmotes   Fire/Tloc      22%        2d11      26%         3
i - Inner Flame           Hex/Fire       13%        N/A       21%         3

Your spell library contained the following spells:

 Spells                   Type           Power      Damage    Failure   Level
 Magic Dart               Conj           48%        1d5       8%          1
 Blink                    Tloc           4%         N/A       36%         2
 Call Imp                 Summ           4%         N/A       36%         2
 Tukima's Dance           Hex            8%         N/A       36%         3
 Flame Wave               Conj/Fire      15%        2d7       45%         4
 Passage of Golubria      Tloc           2%         N/A       94%         4
 Yara's Violent Unravell  Hex/Alch       2%         3d3       99%         5


Dungeon Overview and Level Annotations

Branches:
Dungeon (4/15)             Temple (1/1) D:4

Altars:
Cheibriados
Fedhas
Hepliaklqana
Makhleb
Nemelex Xobeh
Qazlal
Ru
Trog
Vehumet
Wu Jian
Xom
Yredelemnul
Lugonu

Annotations:
D:2 Terence
D:4 Edmund


Innate Abilities, Weirdness & Mutations

You have large cloven feet.
You sometimes gain power by taking damage.
When seriously injured, your blood forms armour. (AC +6)


Message History

Edmund is lightly wounded.
The foxfire hits Edmund.
Edmund is lightly wounded.
Edmund zaps a wand.
The puff of flame hits you!
You focus on the pain.
You feel agile all of a sudden.
Your blood congeals into armour.
Casting: Scorch (safe; 4% risk of failure)
Confirm with . or Enter, or press ? or * to list all spells.
You conjure some foxfire!
Edmund gestures with his flail.
Edmund hits you with a +1 dire flail of distortion.
Casting: Foxfire (safe; 4% risk of failure)
Confirm with . or Enter, or press ? or * to list all spells.
Flames lash Edmund.
Edmund is burned terribly!
Edmund is moderately wounded.
The foxfire hits Edmund.
Edmund is burned terribly!
Edmund is moderately wounded.
The foxfire hits Edmund but does no damage.
Edmund is moderately wounded.
Edmund barely misses you.
Unknown command.
Casting: Scorch (safe; 4% risk of failure)
Confirm with . or Enter, or press ? or * to list all spells.
You conjure some foxfire!
Edmund misses you.
Casting: Foxfire (safe; 4% risk of failure)
Confirm with . or Enter, or press ? or * to list all spells.
Flames lash Edmund but do no damage.
The foxfire hits Edmund.
Edmund is moderately wounded.
The foxfire hits Edmund but does no damage.
Edmund is moderately wounded.
Edmund zaps a wand.
The puff of flame misses you.
Unknown command.
You hit Edmund but do no damage. Your kick misses Edmund.
Edmund is moderately wounded.
Edmund zaps a wand.
The puff of flame misses you.
Edmund hits you with a +1 dire flail of distortion.
Space warps horribly around you!!
Ouch! That really hurt!
You die...
Edmund whines, "They better pay attention to me now!"

########.##.##........ ###
#.........#.##........ #.
#..................... #.
#..#########..#######.# #.
#..#...............[#.# #.
##.#...#...........##.####.
#.### ##[#.........#...##.
#..P#..###.######..#.#.###
#.PP#...ยง@@..~# .#.#.###
#.P.#..#.....~# #......
#...################.#.###
#....................#.#
#####.#....(####..<....#
#.####.## #########
#.####.# #......# ########


You could see Edmund (combustible).

Vanquished Creatures
  An ogre (D:4)
  A scorpion (D:4)
  A jelly (D:3)
  3 bombardier beetles
  An iguana (D:4)
  Natasha (thrice) (D:2)
  A gnoll (D:1)
  2 adders
  A dart slug (D:1)
  A ribbon worm (D:2)
  4 orcs
  7 endoplasms
  7 giant cockroaches
  5 goblins
  7 hobgoblins
  3 quokkas
  10 ball pythons
  6 bats
  3 frilled lizards
  7 kobolds
  5 rats
79 creatures vanquished.

Vanquished Creatures (collateral kills)
  6 foxfires (D:4)
6 creatures vanquished.

Vanquished Creatures (others)
  248 foxfires
248 creatures vanquished.

Grand Total: 333 creatures vanquished

Notes
Turn   | Place    | Note
-------+----------+-------------------------------------------
     0 | D:1      | Ekaitz the Demonspawn Fire Elementalist began the quest for
                  | the Orb.
     0 | D:1      | Reached XP level 1. HP: 13/13 MP: 3/3
   133 | D:1      | Reached skill level 3 in Fire Magic
   174 | D:1      | Gained mutation: When seriously injured, your blood forms
                  | armour. (AC +6) [demonic ancestry]
   174 | D:1      | Reached XP level 2. HP: 9/19 MP: 0/5
   177 | D:1      | Learned a level 2 spell: Scorch
   368 | D:1      | Found a faded altar of an unknown god.
   991 | D:1      | Gained mutation: You sometimes gain a little power by
                  | taking damage. [demonic ancestry]
   991 | D:1      | Reached XP level 3. HP: 24/24 MP: 2/6
  1479 | D:2      | Reached skill level 1 in Fighting
  1680 | D:2      | Learned a level 3 spell: Inner Flame
  1769 | D:2      | Noticed Natasha
  1774 | D:2      | Killed Natasha
  1775 | D:2      | Gained mutation: You have large cloven feet. [demonic
                  | ancestry]
  1775 | D:2      | Reached XP level 4. HP: 32/32 MP: 1/8
  1977 | D:2      | Identified the +0 dagger of Ferocious Forgiveness {heavy,
                  | *Corrode rElec rF++ Int+4}
  2032 | D:2      | Noticed Terence
  2044 | D:2      | Noticed Natasha
  2050 | D:2      | Killed Natasha
  2090 | D:2      | Noticed Natasha
  2099 | D:2      | Killed Natasha
  2100 | D:2      | Reached skill level 4 in Fire Magic
  2100 | D:2      | Gained mutation: You sometimes gain power by taking damage.
                  | [demonic ancestry]
  2100 | D:2      | Reached XP level 5. HP: 21/37 MP: 5/9
  2389 | D:3      | Found a sparkling altar of Nemelex Xobeh.
  2565 | D:3      | Reached skill level 1 in Hexes
  2731 | D:3      | Found a blossoming altar of Fedhas.
  3347 | D:3      | Found a sacrificial altar of Ru.
  3348 | D:3      | Identified the +0 chain mail of Fouso {rPois}
  3526 | D:4      | Identified the +2 robe of Indestructible Leaves {^Drain
                  | rElec Str-4 Stlth+}
  3534 | D:4      | Found a staircase to the Ecumenical Temple.
  3543 | Temple   | Entered the Ecumenical Temple
  3613 | D:4      | Reached XP level 6. HP: 37/44 MP: 1/10
  3620 | D:4      | Learned a level 3 spell: Volatile Blastmotes
  3687 | D:4      | Found the +5 robe of Misfortune {Harm *Corrode *Slow EV+5}
  3860 | D:4      | Found a basalt altar of Yredelemnul.
  3972 | D:4      | Found a shimmering altar of Xom.
  4319 | D:4      | Noticed Edmund
  4328 | D:4      | Slain by Edmund

Illustrated notes

Levels and vault maps discovered:
D:1:      dpeg_arrival_round_b, layout_loops_cross,
          ebering_ecumenical_altar_mist
D:2:      layout_rooms, uniq_terence, uniq_natasha
D:3:      layout_loops_corners, nicolae_ru_path_of_blood,
          mainiacjoe_overflow_brackets, nemelex_dance_club_becter,
          corner_web_ring
D:4:      layout_loops_cross, nicolae_overflow_crystal_walls,
          general_overflow_altar, minmay_temple_entry_tees, minmay_hedge_maze,
          sigmund_edmund_badplayer
Temple:   corrupted_temple

Skill      XL: |  1  2  3  4  5  6 |
---------------+-------------------+-----
Fire Magic     | 3 4 |  4.8
Fighting       | 1 2 |  2.1
Spellcasting   | 3 |  3.3
Hexes          | 1 |  1.6
Conjurations   | 2 |  2.8
Stealth        | 2 |  2.1
Dodging        | 2 |  2.0
Long Blades    | |  0.5
Unarmed Combat | |  0.2

Action                     |  1- 3 |  4- 6 || total
---------------------------+-------+-------++-------
  Melee: Unarmed           |    18 |       ||    18
         Long sword        |     1 |    36 ||    37
         Kick              |       |    10 ||    10
   Cast: Foxfire           |    64 |    82 ||   146
         Scorch            |     9 |    12 ||    21
Ability: Begin Untransform |     1 |       ||     1
   Stab: Sleeping          |       |     6 ||     6
 Armour: Robe              |    31 |    23 ||    54
         Leather armour    |       |    10 ||    10
  Dodge: Dodged            |    59 |    38 ||    97
   Form: Beast             |     1 |       ||     1
